 Dungeon Crawl Stone Soup version 0.30.0-19-g36f170ea60 (webtiles) character file.

Game seed: 14466719534313184779

3 FishyPogo the Magician (level 1, 0/13 HPs)
             Began as a Demonspawn Hedge Wizard on May 30, 2023.
             Frozen to death by an endoplasm (4 damage)
             ... on level 1 of the Dungeon.
             The game lasted 00:02:18 (138 turns).

FishyPogo the Magician (Demonspawn Hedge Wizard)     Turns: 138, Time: 00:02:19

Health: 0/13       AC:  2    Str: 10    XL:     1   Next: 41%
Magic:  2/4        EV: 12    Int: 15    God:
Gold:   0          SH:  0    Dex: 12    Spells: 5/6 levels left

rFire   . . .        a - +0 dagger
rCold   . . .        (no shield)
rNeg    . . .        b - +0 robe
rPois   .            c - +0 hat
rElec   .            (no cloak)
rCorr   .            (no gloves)
SInv    .            (no boots)
Will    .....        e - amulet of the acrobat
Stlth   ++           (no ring)
HPRegen 0.22/turn    (no ring)
MPRegen 0.09/turn

%: acrobat
@: no status effects
A: no striking features
a: no special abilities


You were on level 1 of the Dungeon.
You visited 1 branch of the dungeon, and saw 1 of its levels.

Inventory:

Hand Weapons
 a - a +0 dagger (weapon)
Armour
 b - a +0 robe (worn)
 c - a +0 hat (worn)
Jewellery
 e - an amulet of the acrobat (around neck)
Potions
 d - a potion of magic


   Skills:
 + Level 1.8 Dodging
 + Level 1.8 Stealth
 + Level 3.0 Spellcasting
 * Level 1.0 Conjurations
 + Level 1.0 Summonings
 + Level 0.9 Translocations


You had 5 spell levels left.
You knew the following spells:

 Your Spells              Type           Power      Damage    Failure   Level
a - Magic Dart            Conj           20%        1d4       13%         1

Your spell library contained the following spells:

 Spells                   Type           Power      Damage    Failure   Level
 Slow                     Hex            8%         N/A       21%         1
 Blink                    Tloc           10%        N/A       21%         2
 Call Imp                 Summ           10%        N/A       21%         2
 Static Discharge         Conj/Air       6%         2-3/arc   24%         2
 Cigotuvi's Dreadful Rot  Necr/Pois/Air  4%         N/A       30%         2
 Mephitic Cloud           Conj/Pois/Air  3%         N/A       45%         3
 Summon Lightning Spire   Summ/Air       3%         N/A       85%         4
 Airstrike                Air            1%         2d(1-17)  89%         4


Dungeon Overview and Level Annotations

Branches:
Dungeon (1/15)

Altars:


Message History

You are very lightly contaminated with residual magic.
Nothing appears to happen.
Casting: Magic Dart (safe; 13% risk of failure)
Confirm with . or Enter, or press ? or * to list all spells.
Aiming: Magic Dart (safe; 13% risk of failure)
Press: ? - help, Shift-Dir - straight line, f/p - hobgoblin
Aim: a hobgoblin (heavily wounded, 100% to hit)
The magic dart hits the hobgoblin.
The hobgoblin is almost dead.
You hit the hobgoblin but do no damage.
The hobgoblin is almost dead.
The rat twitches its whiskers.
The hobgoblin barely misses you.
You barely miss the hobgoblin.
The hobgoblin is almost dead.
The hobgoblin closely misses you. The hobgoblin completely misses you.
You hit the hobgoblin but do no damage.
The hobgoblin is almost dead.
The endoplasm freezes you.
You are frozen.
The hobgoblin barely misses you.
You closely miss the hobgoblin.
The hobgoblin is almost dead.
The endoplasm barely misses you. The hobgoblin barely misses you.
Your magical contamination has completely faded away.
You closely miss the hobgoblin.
The hobgoblin is almost dead.
The endoplasm freezes you.
You are frozen.
The hobgoblin closely misses you.
You barely miss the hobgoblin.
The hobgoblin is almost dead.
The endoplasm closely misses you. The hobgoblin hits you.
You closely miss the hobgoblin.
The hobgoblin is almost dead.
The endoplasm hits you. The hobgoblin hits you.
You hit the hobgoblin.
You kill the hobgoblin!
The endoplasm freezes you.
You are frozen.
You die...

.# #.# .. #.# .# #.#
.# #######.##.#
.##.......#..
...........r########
#.........#J@......#
##.................
.#......†.########.#
..........#
#.....)...# .
..........###.#
###...........#
#####........
#...####.


You could see an endoplasm and a rat.

Vanquished Creatures
  2 goblins (D:1)
  A hobgoblin (D:1)
  A rat (D:1)
4 creatures vanquished.

Notes
Turn   | Place    | Note
-------+----------+-------------------------------------------
     0 | D:1      | FishyPogo the Demonspawn Hedge Wizard began the quest for
                  | the Orb.
     0 | D:1      | Reached XP level 1. HP: 13/13 MP: 4/4
   138 | D:1      | Frozen to death by an endoplasm

Illustrated notes

Levels and vault maps discovered:
D:1:      erik_arrival_triangle_small, layout_rooms, hex_tiny, st_stairs_7,
          minmay_domino_4

Action                     || total
---------------------------++-------
  Melee: Dagger            ||    13
   Cast: Magic Dart        ||     6
  Dodge: Dodged            ||    12
